General information
- name: BNet
- type: Ladder 1vs1/FFA
- host: Battle.net
- saver: hait.soL
map: LostTemple
- players: 2
- length: 18:24
- speed: Fast
- version: 1.24 W3XP
- replay type: Public
» download(56 KB)
Players
team 1 (loser)

»
Kolo (
yellow | 71 APM | 1298 actions | 18:22)
4 Death Knight
2 Death Coil
2 Unholy Aura
3 Lich
2 Frost Nova
1 Frost Armor
» actions
| Assign group hotkey | 20 | |
| Basic commands | 1 | |
| Build / train | 50 | |
| ESC pressed | 1 | |
| Enter build submenu | 24 | |
| Enter hero's abilities submenu | 9 | |
| Give item / drop item | 2 | |
| Remove unit from queue | 1 | |
| Right click | 507 | |
| Select / deselect | 296 | |
| Select group hotkey | 322 | |
| Use ability | 50 | |
1298 total
» units
| Acolyte | 9 | |
| Ghoul | 3 | |
| Crypt Fiend | 5 | |
| Obsidian Statue | 2 | |
| Frost Wyrm | 3 | |
22 total
» upgrades
| Web | 1 | |
| Creature Attack | 1 | |
| Creature Carapace | 1 | |
| Freezing Breath | 1 | |
4 total
» buildings
| Altar of Darkness | 1 | |
| Crypt | 1 | |
| Ziggurat | 10 | |
| Tomb of Relics | 2 | |
| Graveyard | 1 | |
| Halls of the Dead | 1 | |
| Nerubian Tower | 2 | |
| Sacrificial Pit | 1 | |
| Slaughterhouse | 1 | |
| Black Citadel | 1 | |
| Spirit Tower | 4 | |
| Boneyard | 1 | |
| Necropolis | 1 | |
27 total
» build order
00:06 Altar of Darkness
00:11 Crypt
00:14 Ziggurat
01:21 Tomb of Relics
01:26 Tomb of Relics
02:17 Ziggurat
03:10 Graveyard
03:55 Halls of the Dead
03:57 Ziggurat
04:38 Nerubian Tower
07:03 Sacrificial Pit
08:18 Slaughterhouse
09:20 Black Citadel
09:26 Ziggurat
10:01 Ziggurat
10:06 Ziggurat
10:07 Ziggurat
11:11 Spirit Tower
11:12 Spirit Tower
11:13 Nerubian Tower
12:09 Boneyard
13:51 Ziggurat
15:18 Necropolis
15:43 Ziggurat
16:40 Spirit Tower
16:47 Spirit Tower
17:56 Ziggurat
» items
| Rod of Necromancy | 1 | |
| Boots of Speed | 1 | |
| Potion of Lesser Invulnerability | 1 | |
| Orb of Corruption | 1 | |
| Scroll of Healing | 1 | |
| Scroll of Town Portal | 1 | |
6 total
team 2 (winner)
hait.soL (
teal | 68 APM | 1244 actions | 18:24)
3 Archmage
1 Blizzard
2 Brilliance Aura
2 Blood Mage
1 Flame Strike
1 Siphon Mana
» actions
| Assign group hotkey | 36 | |
| Basic commands | 32 | |
| Build / train | 104 | |
| ESC pressed | 3 | |
| Enter build submenu | 50 | |
| Enter hero's abilities submenu | 5 | |
| Give item / drop item | 2 | |
| Right click | 507 | |
| Select / deselect | 284 | |
| Select group hotkey | 96 | |
| Use ability | 125 | |
1244 total
» units
| Peasant | 29 | |
| Mortar Team | 2 | |
| Sorceress | 2 | |
| Flying Machine | 7 | |
| Dragonhawk Rider | 2 | |
42 total
» upgrades
| Masonry | 3 | |
| Gunpowder | 3 | |
| Armor | 2 | |
| Sorceress Training | 2 | |
| Magic Sentry | 1 | |
| Flak Cannons | 1 | |
| Flying Machine Bombs | 1 | |
| Plating | 1 | |
| Lumber Harvesting | 1 | |
| Cloud | 1 | |
| Storm Hammers | 1 | |
17 total
» buildings
| Altar of Kings | 1 | |
| Farm | 11 | |
| Arcane Vault | 1 | |
| Scout Tower | 27 | |
| Lumber Mill | 1 | |
| Arcane Tower | 3 | |
| Guard Tower | 13 | |
| Town Hall | 1 | |
| Keep | 1 | |
| Blacksmith | 2 | |
| Arcane Sanctum | 3 | |
| Workshop | 2 | |
| Castle | 1 | |
| Gryphon Aviary | 4 | |
| Barracks | 1 | |
72 total
» build order
00:05 Altar of Kings
00:25 Farm
00:26 Farm
00:30 Arcane Vault
01:20 Scout Tower
01:47 Lumber Mill
02:00 Farm
02:29 Arcane Tower
02:43 Scout Tower
02:45 Scout Tower
02:46 Scout Tower
02:48 Scout Tower
02:58 Farm
03:12 Scout Tower
03:31 Scout Tower
03:33 Scout Tower
03:34 Scout Tower
03:52 Guard Tower
03:54 Guard Tower
04:12 Guard Tower
04:14 Arcane Tower
04:32 Guard Tower
05:28 Scout Tower
05:35 Town Hall
05:37 Scout Tower
05:38 Scout Tower
05:39 Scout Tower
05:53 Arcane Tower
06:19 Guard Tower
06:55 Guard Tower
06:58 Scout Tower
07:00 Scout Tower
07:01 Scout Tower
07:21 Scout Tower
07:23 Scout Tower
07:59 Keep
08:09 Guard Tower
08:11 Guard Tower
08:28 Scout Tower
08:28 Scout Tower
08:29 Scout Tower
08:36 Blacksmith
09:15 Guard Tower
10:23 Arcane Sanctum
10:24 Workshop
10:24 Workshop
10:28 Arcane Sanctum
10:41 Castle
10:44 Farm
10:47 Farm
10:49 Farm
11:17 Arcane Sanctum
11:37 Scout Tower
11:37 Scout Tower
11:38 Scout Tower
12:17 Guard Tower
12:20 Guard Tower
12:46 Guard Tower
12:50 Guard Tower
13:46 Farm
13:46 Farm
13:46 Farm
13:47 Farm
13:51 Scout Tower
13:54 Scout Tower
13:55 Scout Tower
14:07 Blacksmith
14:11 Gryphon Aviary
14:11 Gryphon Aviary
14:12 Gryphon Aviary
15:08 Gryphon Aviary
17:42 Barracks
» items
| Mechanical Critter | 3 | |
| Lesser Clarity Potion | 3 | |
| Scroll of Regeneration | 5 | |
| Potion of Mana | 1 | |
| Potion of Healing | 4 | |
| Scroll of Town Portal | 2 | |
| Orb of Fire | 1 | |
| Staff of Sanctuary | 1 | |
20 total
Chat log
(05:08 / All) Kolo: LAAAAAME
(18:14 / All) Kolo: how lame dude
(18:19 / All) Kolo: fuck you